 Dungeon Sprint DCSS version 0.21-a0-338-g36cf2fc (webtiles) character file.

2796 potatolord6000 the Martial Artist (level 9, -16/75 HPs)
             Began as a Gnoll Transmuter on Oct 2, 2017.
             Was a High Priest of Sif Muna.
             Demolished by a death scarab (31 damage)
             ... in the Dungeon (Sprint V: "Ziggurat Sprint") on Oct 3, 2017.
             The game lasted 00:08:46 (766 turns).

potatolord6000 the Martial Artist (Gnoll Transmuter) Turns: 766, Time: 00:08:46

Health: -16/75     AC:  5    Str: 19    XL:     9   Next: 71%
Magic:  22/22      EV: 25    Int: 34    God:    Sif Muna [*****.]
Gold:   0          SH:  0    Dex: 23    Spells: 16/26 levels left

rFire    . . .     SeeInvis .     - Unarmed
rCold    + . .     Gourm    .   (shield currently unavailable)
rNeg     . . .     Faith    .   n - +1 leather armour {rC+}
rPois    .         Spirit   .   (no helmet)
rElec    .         Reflect  .   (no cloak)
rCorr    .         Harm     +   (gloves currently unavailable)
MR       .....     NoTele   +   (no boots)
Stlth    +++++.....             b - amulet "Udwaot" {Harm *Drain Int+4 Dex+3 Slay+3}
HPRegen  0.22/turn              B - +6 ring of intelligence
MPRegen  0.18/turn              C - +6 ring of intelligence

@: mighty, agile, blade hands, hasted and slowed
A: distributed training, fangs 1, strong nose
a: End Transformation, Divine Energy, Channel Magic, Forget Spell, Renounce
Religion


You were in the Dungeon.
You worshipped Sif Muna.
Sif Muna was extremely pleased with you.
You were not hungry.
You had blades for hands.
You visited 1 branch

Inventory:

Hand Weapons
 a - the +6 Majin-Bo (melded) {vamp, Archmagi MP+6 Int+6}
   (You found it in the Dungeon)

   It inflicts no extra harm, but heals its wielder when it wounds a living foe.
   It affects your intelligence (+6).
   It affects your magic capacity (+6).
 l - the +8 double sword of Distant Shores {venom, *Noise MP+9 Dex+4}
   (You took it off an iron imp in the Dungeon)

   It poisons the flesh of those it strikes.
   It affects your dexterity (+4).
   It affects your magic capacity (+9).
   It may make noises in combat.
Armour
 n - a +1 leather armour of cold resistance (worn)
Jewellery
 b - the amulet "Udwaot" (around neck) {Harm *Drain Int+4 Dex+3 Slay+3}
   (You found it in the Dungeon)

   [amulet of harm]

   It increases damage dealt and taken.
   It affects your intelligence (+4).
   It affects your dexterity (+3).
   It affects your accuracy and damage with ranged weapons and melee attacks
   (+3).
   It causes draining when unequipped.
 B - a +6 ring of intelligence (left scythe-like blade)
 C - a +6 ring of intelligence (right scythe-like blade)
Scrolls
 j - 2 scrolls of blinking
 q - 4 scrolls of amnesia
 r - 3 scrolls of recharging
 s - 7 scrolls of fog
 t - a scroll of holy word
 u - 5 scrolls of identify
 v - 5 scrolls of remove curse
 w - 2 scrolls of fear
Potions
 e - 10 potions of curing
 f - a potion of heal wounds
 g - 2 potions of haste
 h - 7 potions of magic
 i - a potion of berserk rage
 k - 2 potions of brilliance
 m - 4 potions of resistance
 o - a potion of agility
 p - a potion of might
Books
 c - a book of Changes

   Spells                             Type                      Level
   a - Beastly Appendage              Transmutation                1
   b - Sticks to Snakes               Transmutation                2
   c - Spider Form                    Transmutation/Poison         3
   d - Ice Form                       Ice/Transmutation            4
   e - Blade Hands                    Transmutation                5
Comestibles
 d - 5 bread rations
 x - 42 fruits
 z - 2 meat rations


   Skills:
 + Level 8.4 Fighting
 + Level 7.9 Short Blades
 + Level 7.9 Long Blades
 + Level 7.9 Axes
 + Level 7.9 Maces & Flails
 + Level 7.9 Polearms
 + Level 7.9 Staves
 + Level 7.9 Slings
 + Level 7.9 Bows
 + Level 7.9 Crossbows
 + Level 7.9 Throwing
 + Level 7.9 Armour
 + Level 9.2 Dodging
 + Level 7.9 Stealth
   Level 0.0 Stabbing
 + Level 7.9 Shields
   Level 0.0 Traps
 + Level 10.2 Unarmed Combat
 + Level 9.4 Spellcasting
 + Level 7.9 Conjurations
 + Level 7.9 Hexes
 + Level 7.9 Charms
 + Level 7.9 Summonings
 + Level 7.9 Necromancy
 + Level 7.9 Translocations
 + Level 9.2 Transmutations
 + Level 7.9 Fire Magic
 + Level 7.9 Ice Magic
 + Level 7.9 Air Magic
 + Level 7.9 Earth Magic
 + Level 7.9 Poison Magic
 + Level 7.9 Invocations
 + Level 7.9 Evocations


You had 16 spell levels left.
You knew the following spells:

 Your Spells              Type           Power        Failure   Level  Hunger
a - Beastly Appendage     Tmut           ######       6%          1    None
b - Ice Form              Ice/Tmut       ######..     14%         4    None
c - Blade Hands           Tmut           ######....   21%         5    ###....


Dungeon Overview and Level Annotations

Branches:
Dungeon (1/1)

Altars:
Ashenzari
Cheibriados
Dithmenos
Elyvilon
Fedhas
Gozag
Hepliaklqana
Kikubaaqudgha
Makhleb
Nemelex Xobeh
Okawaru
Qazlal
Ru
Sif Muna
Trog
Uskayaw
Vehumet
Wu Jian
Xom
Yredelemnul
Zin
The Shining One
Beogh
Jiyva
Lugonu

Annotations:
D 1 transporter


Innate Abilities, Weirdness & Mutations

Your experience applies equally to all skills.
You have very sharp teeth.
Your uncanny sense of smell can sniff out nearby items.


Message History

The emperor scorpion closely misses you. x2
The emperor scorpion misses you. The guardian mummy closely misses you.
You feel much better. The death scarab bites you!!
* * * LOW HITPOINT WARNING * * *
The death scarab drains your vigour!
You feel yourself slow down.
The death scarab draws strength from your injuries!
The greater mummy gestures wildly while chanting.
The emperor scorpion barely misses you. x2; The emperor scorpion claws you.
* * * LOW HITPOINT WARNING * * *
Unknown command.
Unknown command.
Unknown command.
Unknown command.
Unknown command.
Unknown command.
You feel much better. The death scarab bites you!
* * * LOW HITPOINT WARNING * * *
The death scarab draws strength from your injuries!
The death scarab bites you!!
You die...

∆∆
▓...©.|†.▓...©....▓
▓▓▓▓▓▓▓▓▓▓▓▓▓▓▓▓▓▓▓
▓...8©8...▓..8©8..▓
▓..|)|:...▓..[))..▓
▓..s}s|...▓..):|..▓
▓...Mss...▓.......▓
▓..ssMs...▓.......▓
▓..MssM...▓...=...▓
▓...s@s...▓.......▓
▓.▓.....▓.▓.▓.:.▓.▓
▓....©....▓...©...▓
▓▓▓▓▓▓▓▓▓▓▓▓▓▓▓▓▓▓▓
▓..8©8..▓ ∆∆∆∆∆
▓...))..▓ ∆∆∆
▓..||)..▓ ▓.......▓
▓.......▓


You could see a greater mummy, 6 emperor scorpions, 2 guardian mummies, 5 death
scarabs and a mummy.

Vanquished Creatures
  A soul eater (D)
  4 toenail golems (D)
  A guardian mummy (D)
  2 hell hounds (D)
  A porcupine (D)
  2 earth elementals (D)
  2 crimson imps (D)
  A quasit (D)
  3 iron imps (D)
  2 river rats (D)
  2 shadow imps (D)
  A white imp (D)
  An ufetubus (D)
  2 adder skeletons (D)
  A bat zombie (D)
  2 jackals (D)
  2 giant cockroach zombies (D)
  A jackal zombie (D)
  A leopard gecko zombie (D)
32 creatures vanquished.

Notes
Turn   | Place    | Note
-------+----------+-------------------------------------------
     0 | D        | Found the +6 Majin-Bo {vamp, Archmagi MP+6 Int+6}
     0 | D        | Found the +7 great mace "Firestarter" {inner flame, rF++}
     0 | D        | potatolord6000 the Gnoll Transmuter began the quest for the Orb.
     0 | D        | Reached XP level 1. HP: 17/17 MP: 6/6
     0 | D        | Found a deep blue altar of Sif Muna.
     0 | D        | Found a bloodstained altar of Trog.
     0 | D        | Found a sacrificial altar of Ru.
     0 | D        | Found a stormy altar of Qazlal.
     0 | D        | Found an iron altar of Okawaru.
     1 | D        | Found a sparkling altar of Nemelex Xobeh.
     1 | D        | Found a blossoming altar of Fedhas.
     3 | D        | Found a transporter.
     3 | D        | Found an ancient bone altar of Kikubaaqudgha.
     3 | D        | Found a viscous altar of Jiyva.
     3 | D        | Found a corrupted altar of Lugonu.
     3 | D        | Found a hazy altar of Hepliaklqana.
     3 | D        | Found a burning altar of Makhleb.
     3 | D        | Found an opulent altar of Gozag.
    49 | D        | Became a worshipper of Sif Muna the Loreminder
    65 | D        | Reached * piety under Sif Muna
    65 | D        | Reached skill level 5 in Dodging
    65 | D        | Reached skill level 7 in Unarmed Combat
    65 | D        | Reached skill level 5 in Spellcasting
    65 | D        | Reached skill level 5 in Transmutations
    65 | D        | Reached XP level 2. HP: 24/24 MP: 6/8
    78 | D        | Found the +9 heavy crossbow "Sniper" {velocity, Acc+∞ SInv}
    78 | D        | Found the +10 dark maul {crush}
    78 | D        | Found the +15 Maxwell's patent armour {-Cast -Tele rElec MR+ rCorr}
    78 | D        | Found the +18 shield of the Gong {rElec rN+ MR+ EV-5}
    78 | D        | Found the cursed +14 obsidian axe {chop, +Fly SInv *Curse}
   153 | D        | Entered arena 2.
   153 | D        | Found a transporter.
   226 | D        | Entered arena 3.
   226 | D        | Noticed a porcupine
   226 | D        | Found a transporter.
   230 | D        | Reached XP level 3. HP: 30/30 MP: 10/10
   247 | D        | Killed a porcupine
   247 | D        | Reached ** piety under Sif Muna
   247 | D        | Reached XP level 4. HP: 30/38 MP: 12/12
   247 | D        | Reached XP level 5. HP: 34/43 MP: 13/13
   379 | D        | Learned a level 4 spell: Ice Form
   385 | D        | Learned a level 5 spell: Blade Hands
   387 | D        | Entered arena 4.
   387 | D        | Noticed a soul eater
   387 | D        | Found a transporter.
   404 | D        | Killed a soul eater
   404 | D        | Reached *** piety under Sif Muna
   404 | D        | Reached skill level 5 in Short Blades
   404 | D        | Reached skill level 5 in Long Blades
   404 | D        | Reached skill level 5 in Axes
   404 | D        | Reached skill level 5 in Maces & Flails
   404 | D        | Reached skill level 5 in Polearms
   404 | D        | Reached skill level 5 in Staves
   404 | D        | Reached skill level 5 in Slings
   404 | D        | Reached skill level 5 in Bows
   404 | D        | Reached skill level 5 in Crossbows
   404 | D        | Reached skill level 5 in Throwing
   404 | D        | Reached skill level 5 in Armour
   404 | D        | Reached skill level 5 in Stealth
   404 | D        | Reached skill level 5 in Shields
   404 | D        | Reached skill level 8 in Unarmed Combat
   404 | D        | Reached skill level 5 in Conjurations
   404 | D        | Reached skill level 5 in Hexes
   404 | D        | Reached skill level 5 in Charms
   404 | D        | Reached skill level 5 in Summonings
   404 | D        | Reached skill level 5 in Necromancy
   404 | D        | Reached skill level 5 in Translocations
   404 | D        | Reached skill level 5 in Fire Magic
   404 | D        | Reached skill level 5 in Ice Magic
   404 | D        | Reached skill level 5 in Air Magic
   404 | D        | Reached skill level 5 in Earth Magic
   404 | D        | Reached skill level 5 in Poison Magic
   404 | D        | Reached skill level 5 in Invocations
   404 | D        | Reached skill level 5 in Evocations
   404 | D        | Reached XP level 6. HP: 45/53 MP: 13/16
   404 | D        | Reached XP level 7. HP: 50/59 MP: 14/18
   411 | D        | Got the amulet "Udwaot" {Harm *Drain Int+4 Dex+3 Slay+3}
   418 | D        | Identified the Guide on Congealing Poisoning (You acquired it in the Dungeon)
   450 | D        | Entered arena 5.
   450 | D        | Found a transporter.
   452 | D        | Reached skill level 9 in Unarmed Combat
   454 | D        | Reached XP level 8. HP: 64/65 MP: 16/20
   470 | D        | Entered arena 6.
   470 | D        | Found a transporter.
   473 | D        | Reached **** piety under Sif Muna
   510 | D        | Entered arena 7.
   510 | D        | Noticed a toenail golem
   510 | D        | Noticed a toenail golem
   510 | D        | Noticed a toenail golem
   510 | D        | Noticed a toenail golem
   514 | D        | Found a transporter.
   517 | D        | Killed a toenail golem
   519 | D        | Killed a toenail golem
   520 | D        | Killed a toenail golem
   520 | D        | Reached ***** piety under Sif Muna
   520 | D        | Received a gift from Sif Muna
   520 | D        | Reached XP level 9. HP: 74/74 MP: 21/21
   522 | D        | Killed a toenail golem
   522 | D        | Reached skill level 10 in Unarmed Combat
   551 | D        | Upgraded the game from 0.21-a0-331-gfb491b4 to 0.21-a0-338-g36cf2fc
   639 | D        | Entered arena 8.
   640 | D        | Found a transporter.
   656 | D        | Got the +8 double sword of Distant Shores {venom, *Noise MP+9 Dex+4}
   753 | D        | Entered arena 9.
   753 | D        | Noticed a death scarab
   753 | D        | Noticed a guardian mummy
   753 | D        | Noticed a guardian mummy
   753 | D        | Noticed a greater mummy
   753 | D        | Noticed a guardian mummy
   754 | D        | Found a transporter.
   760 | D        | Noticed an emperor scorpion
   760 | D        | Noticed an emperor scorpion
   760 | D        | Killed a guardian mummy
   762 | D        | Noticed an emperor scorpion
   762 | D        | Noticed an emperor scorpion
   762 | D        | Noticed an emperor scorpion
   762 | D        | Noticed an emperor scorpion
   765 | D        | HP: 3/75 [death scarab (28)]
   765 | D        | HP: 1/75 [emperor scorpion[a greater mummy] (2)]
   766 | D        | Noticed a death scarab
   766 | D        | Noticed a death scarab
   766 | D        | Noticed a death scarab
   766 | D        | Noticed a death scarab
   766 | D        | Demolished by a death scarab

Vault maps used:
D:        sprint_v

Skill      XL: |  1  2  3  4  5  6  7  8  9 |
---------------+----------------------------+-----
Fighting       | 3 4 6 7 8 |  8.4
Short Blades   | 2 3 5 6 7 |  7.9
Long Blades    | 2 3 5 6 7 |  7.9
Axes           | 2 3 5 6 7 |  7.9
Maces & Flails | 2 3 5 6 7 |  7.9
Polearms       | 2 3 5 6 7 |  7.9
Staves         | 2 3 5 6 7 |  7.9
Slings         | 2 3 5 6 7 |  7.9
Bows           | 2 3 5 6 7 |  7.9
Crossbows      | 2 3 5 6 7 |  7.9
Throwing       | 2 3 5 6 7 |  7.9
Armour         | 2 3 5 6 7 |  7.9
Dodging        | 5 7 8 9 |  9.2
Stealth        | 2 3 5 6 7 |  7.9
Shields        | 2 3 5 6 7 |  7.9
Unarmed Combat | 7 8 9 10 | 10.2
Spellcasting   | 5 6 7 8 9 |  9.4
Conjurations   | 2 3 5 6 7 |  7.9
Hexes          | 2 3 5 6 7 |  7.9
Charms         | 2 3 5 6 7 |  7.9
Summonings     | 2 3 5 6 7 |  7.9
Necromancy     | 2 3 5 6 7 |  7.9
Translocations | 2 3 5 6 7 |  7.9
Transmutations | 5 7 8 9 |  9.2
Fire Magic     | 2 3 5 6 7 |  7.9
Ice Magic      | 2 3 5 6 7 |  7.9
Air Magic      | 2 3 5 6 7 |  7.9
Earth Magic    | 2 3 5 6 7 |  7.9
Poison Magic   | 2 3 5 6 7 |  7.9
Invocations    | 2 3 5 6 7 |  7.9
Evocations     | 2 3 5 6 7 |  7.9

Action                   |  1- 3 |  4- 6 |  7- 9 || total
-------------------------+-------+-------+-------++-------
Melee: Quarterstaff      |    14 |       |     1 ||    15
       Kick              |     2 |       |       ||     2
       Bite              |     1 |     1 |       ||     2
       Unarmed           |       |     7 |    36 ||    43
 Cast: Beastly Appendage |     3 |       |       ||     3
       Blade Hands       |       |     1 |     4 ||     5
  Use: Potion            |     7 |     9 |    10 ||    26
       Scroll            |     2 |       |     1 ||     3
 Stab: Invisible         |       |       |     1 ||     1
  Eat: Meat ration       |     2 |       |       ||     2
Armor: Robe              |     1 |       |       ||     1
       Leather armour    |       |    17 |     6 ||    23
Dodge: Dodged            |    14 |    37 |    54 ||   105

Table legend:
 A = Spawn XP
 B = Non-spawn XP
 C = Spawn XP percentage of total XP
 D = Spawn monster count
 E = Non-spawn monster count
 F = Spawn count percentage of total count
 G = Total turns spent on level
                    A         B        C        D         E        F      G
               +---------+---------+-------+---------+---------+-------+---------
         Total |       0 |    3985 |   0.0 |       0 |      32 |   0.0 |   766
               +---------+---------+-------+---------+---------+-------+---------
             D |       0 |    3985 |   0.0 |       0 |      32 |   0.0 |   766
               +---------+---------+-------+---------+---------+-------+---------
